 Dungeon Crawl Stone Soup version 0.19-a0-611-gb5a7e8d (webtiles) character file.

11190 HarleyM the Fighter (level 11, -3/124 HPs)
             Began as an Ogre Berserker on June 12, 2016.
             Was a High Priest of Trog.
             Slain by a red devil
             ... wielding a +0 trident of venom
             ... summoned by a deep elf mage
              (14 damage)
             ... on level 11 of the Dungeon.
             The game lasted 00:50:18 (16739 turns).

HarleyM the Fighter (Ogre Berserker)               Turns: 16739, Time: 00:50:19

Health: -3/124     AC: 14    Str: 24    XL:     11   Next: 73%
Magic:  11/11      EV: 14    Int:  6    God:    Trog [*****.]
Gold:   597        SH:  0    Dex: 12    Spells: 0 memorised, 10 levels left

rFire  . . .     SeeInvis .     u - +2 morningstar (protect)
rCold  . . .     Gourm    .     F - +1 robe {rN+}
rNeg   + . .     Faith    .     (no shield)
rPois  .         Spirit   .     (helmet restricted)
rElec  .         Dismiss  .     (no cloak)
rCorr  .         Reflect  .     (gloves unavailable)
SustAt .         Harm     .     (boots unavailable)
MR     ++...                    (no amulet)
Stlth  +.........               O - +5 ring of protection
                                I - ring of protection from magic

@: exhausted, slowed, drained, very slow, very resistant to hostile
enchantments, very unstealthy
A: unfitting armour, tough skin 1
a: Berserk, Trog's Hand, Brothers in Arms, Burn Spellbooks, Renounce Religion


You were on level 11 of the Dungeon.
You worshipped Trog.
Trog was extremely pleased with you.
You were very hungry.

You visited 1 branch of the dungeon, and saw 11 of its levels.

You collected 597 gold pieces.

Inventory:

Hand Weapons
 a - a +0 mace
 e - a +0 spear of piercing
 l - a +2 lajatang of venom
 u - a +2 morningstar of protection (weapon)
 L - a +1 whip of electrocution
Missiles
 g - 4 large rocks (quivered)
 y - 21 tomahawks
Armour
 F - a +1 robe of positive energy (worn)
Jewellery
 j - a +3 ring of strength
 v - an uncursed ring of resist corrosion
 I - a ring of protection from magic (left hand)
 O - a +5 ring of protection (right hand)
Wands
 A - a wand of polymorph (12/24)
 H - a wand of polymorph (6/24)
 K - a wand of confusion (29/48)
Scrolls
 d - 3 scrolls of enchant weapon {unknown}
 n - 8 scrolls of identify
 s - a scroll of amnesia
 w - 5 scrolls of teleportation {unknown}
 x - 2 scrolls of random uselessness {unknown}
 z - 2 scrolls of fog {unknown}
 D - 2 scrolls of remove curse
 E - a scroll of fear {unknown}
 G - 2 scrolls of enchant armour {unknown}
 J - 2 scrolls of holy word {unknown}
Potions
 f - 2 potions of mutation {unknown}
 i - 2 potions of ambrosia {unknown}
 k - 2 potions of flight
 p - a potion of heal wounds
 r - 2 potions of brilliance {unknown}
 M - a potion of beneficial mutation {unknown}
 N - a potion of degeneration {unknown}
 P - a potion of magic {unknown}
 R - 2 potions of cure mutation {unknown}
Comestibles
 c - 7 bread rations
 h - 5 fruits
 q - 8 slices of pizza
 t - 4 beef jerkies
 C - 2 meat rations


   Skills:
 + Level 12.7(12.6) Fighting
 - Level 12.1(12.0) Maces & Flails
 + Level 7.4(7.3) Armour
 + Level 9.0(8.9) Dodging


You had 10 spell levels left.
You didn't know any spells.

Dungeon Overview and Level Annotations

Branches:
Dungeon (11/15)            Temple (0/1) D:4            Lair (0/6) D:11
    Orc: D:9-12

Altars:
Fedhas
Kikubaaqudgha
Makhleb
Okawaru
Pakellas
Ru
Trog
Vehumet
Yredelemnul
Zin


Innate Abilities, Weirdness & Mutations

You are too large for most types of armour.
You have tough skin. (AC +1)


Message History

You kill the redback!
The redback's corpse disappears in a puff of smoke!
You crush the two-headed ogre like a grape!!!
You kill the two-headed ogre!
Trog accepts your kill.
Your base Dodging skill increases to level 9!
* * * LOW HITPOINT WARNING * * *
You feel sick.
You are no longer berserk.
Trog's vigour flows through your veins.
You are exhausted.
You feel yourself slow down.
You are feeling very hungry.
* * * LOW HITPOINT WARNING * * *
You feel sick.
Things that are here:
a giant club x2
You feel better.
The red devil hits you from afar with a trident of venom!
You die...

..####P....#####............<...#
P......P........................#
PPP...P.P).......................
.P...P...P....#.............###.#
...P..P.......#.##########.. #..
....)..##.......# #####..# #.#
........#......## .......# #.#
......(.##..######..# #### #.#
...........####.@..# #######.#
......)..#####..#### #.......#
............#.4####### #.......#
..#####.###.......W..( .........#
..# #.#.......###### ##.......#
.. #.#.###r#.# #.......# .#
###...#.....# #######.#
#.....#.###.### #.# #...#.....##
#.#


You could see a red devil and a hell rat.

Vanquished Creatures
  A hydra (D:11)
  2 unseen horrors (D:11)
  3 ugly things (D:11)
  A cyclops (D:11)
  A two-headed ogre (D:11)
  Eustachio (D:6)
  12 yaks
  A human (D:7)
  A steam dragon (D:10)
  A hungry ghost (D:8)
  4 orc warriors
  A phantom (D:9)
  2 sky beasts
  A necrophage (D:9)
  2 ice beasts
  A wasp (D:11)
  7 ogres
  2 centaurs (D:6)
  A crocodile (D:11)
  A big kobold (D:10)
  4 giant frogs
  2 water moccasin zombies
  2 scorpions
  9 killer bees
  7 wights
  2 electric eels (D:10)
  5 crimson imps
  2 jellies
  2 giant frog zombies
  A quasit (D:10)
  11 orc priests
  6 hounds
  15 orc wizards
  A centaur skeleton (D:10)
  A giant frog skeleton (D:9)
  4 worker ants
  A sheep (D:7)
  2 killer bee zombies
  A hound zombie (D:9)
  A hound skeleton (D:9)
  A howler monkey zombie (D:11)
  A worker ant zombie (D:6)
  11 gnolls
  5 river rats (D:11)
  14 adders
  An adder skeleton (D:4)
  4 worms
  2 dart slugs (D:2)
  3 giant geckos
  61 orcs
  4 giant cockroaches
  7 goblins
  4 hobgoblins
  17 jackals
  5 quokkas
  20 bats
  A giant gecko skeleton (D:5)
  A giant gecko zombie (D:5)
  5 giant newts
  12 kobolds
  A quokka skeleton (D:8)
  13 rats
  3 plants (D:5)
321 creatures vanquished.

Vanquished Creatures (collateral kills)
  Nergalle (D:10)
  A sky beast (D:10)
  A howler monkey (D:10)
3 creatures vanquished.

Vanquished Creatures (others)
  3 fungi (D:11)
  A plant (D:11)
4 creatures vanquished.

Grand Total: 328 creatures vanquished

Notes
Turn   | Place    | Note
--------------------------------------------------------------
     0 | D:1      | HarleyM the Ogre Berserker began the quest for the Orb.
     0 | D:1      | Reached XP level 1. HP: 24/24 MP: 1/1
   161 | D:1      | Reached XP level 2. HP: 26/33 MP: 2/2
   531 | D:1      | Reached XP level 3. HP: 20/40 MP: 3/3
   752 | D:2      | Reached skill level 5 in Maces & Flails
  1002 | D:2      | Reached ** piety under Trog
  1008 | D:2      | Reached XP level 4. HP: 22/49 MP: 4/4
  1236 | D:2      | Found a blossoming altar of Fedhas.
  1997 | D:2      | Reached XP level 5. HP: 54/55 MP: 5/5
  3292 | D:4      | Found an iron altar of Okawaru.
  3462 | D:4      | Reached *** piety under Trog
  3712 | D:4      | Found a staircase to the Ecumenical Temple.
  4101 | D:5      | Entered Level 5 of the Dungeon
  4158 | D:5      | Reached XP level 6. HP: 63/63 MP: 6/6
  4199 | D:5      | Found a radiant altar of Vehumet.
  4432 | D:5      | Noticed an ice beast
  4642 | D:5      | Killed an ice beast
  4642 | D:5      | Reached XP level 7. HP: 71/71 MP: 7/7
  4863 | D:5      | Reached skill level 10 in Maces & Flails
  5916 | D:6      | Found an ancient bone altar of Kikubaaqudgha.
  6074 | D:6      | Found a basalt altar of Yredelemnul.
  6164 | D:6      | Reached XP level 8. HP: 79/79 MP: 8/8
  6302 | D:6      | Reached **** piety under Trog
  6420 | D:6      | Noticed a moth of wrath
  6422 | D:6      | Found a bloodstained altar of Trog.
  6525 | D:6      | Reached skill level 5 in Fighting
  6745 | D:6      | Reached skill level 1 in Armour
  6854 | D:6      | Noticed Eustachio
  6899 | D:6      | Killed Eustachio
  7509 | D:7      | Reached XP level 9. HP: 76/92 MP: 9/9
  8082 | D:7      | Reached skill level 5 in Dodging
  9504 | D:7      | HP: 6/145 [yak (9)]
 10079 | D:8      | Reached ***** piety under Trog
 10122 | D:8      | Found a blossoming altar of Fedhas.
 10131 | D:8      | Found a bloodstained altar of Trog.
 10159 | D:8      | Reached XP level 10. HP: 96/107 MP: 10/10
 10467 | D:8      | Found a burning altar of Makhleb.
 10814 | D:9      | Found an oddly glowing altar of Pakellas.
 11534 | D:9      | Found a glowing silver altar of Zin.
 11534 | D:9      | Found a sacrificial altar of Ru.
 11739 | D:9      | Reached skill level 5 in Armour
 12004 | D:10     | Entered Level 10 of the Dungeon
 12030 | D:10     | Reached skill level 10 in Fighting
 12058 | D:10     | Noticed Nergalle
 12065 | D:10     | Killed Nergalle
 14821 | D:11     | Killed an unseen horror
 14821 | D:11     | Reached XP level 11. HP: 26/120 MP: 11/11
 15061 | D:11     | Noticed a brown ugly thing
 15072 | D:11     | Killed a brown ugly thing
 15830 | D:11     | Noticed a cyclops
 15847 | D:11     | Killed a cyclops
 16234 | D:11     | Killed an unseen horror
 16410 | D:11     | Found a staircase to the Lair.
 16460 | D:11     | Noticed a red ugly thing
 16469 | D:11     | Killed a red ugly thing
 16676 | D:11     | Noticed a six-headed hydra
 16682 | D:11     | Killed a six-headed hydra
 16702 | D:11     | Noticed a red ugly thing
 16705 | D:11     | Noticed a deep elf mage
 16729 | D:11     | Killed a red ugly thing
 16732 | D:11     | HP: 9/186 [hell rat[a deep elf mage] (18)]
 16735 | D:11     | HP: 4/186 [poisoned by a red devil]
 16739 | D:11     | Slain by a red devil

Vault maps used:
D:1:      minmay_arrival_wavy_path
D:2:      st_stairs_9, fedhas_altar_fruit_tree
D:3:      first_bread
D:4:      minmay_temple_entry_purple_smoke, okawaru_trees_1
D:5:      fiery_altar_vehumet, serial_bayou, serial_bayou_pond_c,
          serial_bayou_pond_e, serial_bayou_crossing, serial_bayou_shore_a
D:6:      kiku_gazebo_garden_becter, kennysheep_little_box, tgw_trog,
          uniq_eustachio
D:7:      grunt_livestock
D:8:      grunt_temple_overflow_open, marbit_many_paths
D:9:      grunt_pakellas_sulfur, gammafunk_temple_overflow_elements,
          minmay_misc_feat_x
D:10:     amethyst_killhole, serial_bayou_lake_a, uniq_nergalle
D:11:     kennysheep_big_flooded_room, grunt_lair_entry_orc_guard_hut,
          kennysheep_orc_monster_closet_entryway, hangedman_abyss_or_decor_stabs

Skill      XL: |  1  2  3  4  5  6  7  8  9 10 11 |
---------------+----------------------------------+-----
Maces & Flails | 5 6 8 9 11 12 | 12.1
Dodging        | 4 6 7 9 |  9.0
Fighting       | 6 9 11 12 | 12.7
Armour         | 2 4 6 7 |  7.4

Action                   |  1- 3 |  4- 6 |  7- 9 | 10-12 || total
-------------------------+-------+-------+-------+-------++-------
Melee: Mace              |    89 |   162 |       |       ||   251
       Spear             |     6 |       |       |       ||     6
       Morningstar       |       |    74 |   217 |    19 ||   310
       Lajatang          |       |       |   179 |   416 ||   595
Throw: Tomahawk          |       |       |     3 |     5 ||     8
       Large rock        |       |       |       |     3 ||     3
Invok: Berserk           |     1 |     1 |     5 |     4 ||    11
       Trog's Hand       |       |       |     1 |     4 ||     5
       Burn Spellbooks   |       |       |     1 |     1 ||     2
       Brothers in Arms  |       |       |       |     1 ||     1
  Use: Scroll            |       |       |     6 |     1 ||     7
       Potion            |       |       |     3 |     7 ||    10
  Eat: Chunk             |     1 |     8 |    24 |    24 ||    57
       Bread ration      |       |     1 |       |     2 ||     3
       Meat ration       |       |       |       |     1 ||     1
       Fruit             |       |       |       |     1 ||     1
Armor: Animal skin       |    42 |    74 |    33 |       ||   149
       Robe              |       |       |    54 |   145 ||   199
       Skin              |       |       |     9 |   133 ||   142
Dodge: Dodged            |    57 |   127 |   181 |   369 ||   734
